 Dungeon Crawl Stone Soup version 0.19.4 (webtiles) character file.

66 galech the Skirmisher (level 4, 0/49 HPs)
             Began as an Ogre Fighter on Jan 31, 2017.
             Slain by an ice beast (8 damage)
             ... on level 2 of the Dungeon.
             The game lasted 00:02:40 (1803 turns).

galech the Skirmisher (Ogre Fighter)                Turns: 1803, Time: 00:02:40

Health: 0/49       AC:  3    Str: 21 (22) XL:     4   Next: 15%
Magic:  4/4        EV:  6    Int:  6 (7)  God:
Gold:   192        SH: 13    Dex:  8 (9)  Spells: 0 memorised, 3 levels left

rFire  . . .     SeeInvis .     a - +0 flail
rCold  . . .     Gourm    .     b - +0 robe
rNeg   . . .     Faith    .     n - +0 large shield
rPois  .         Spirit   .     (helmet restricted)
rElec  .         Reflect  .     (no cloak)
rCorr  .         Harm     .     (gloves unavailable)
MR     .....                    (boots unavailable)
Stlth  +.........               (no amulet)
                                (no ring)
                                (no ring)

@: drained
A: unfitting armour, tough skin 1
a: no special abilities


You were on level 2 of the Dungeon.
You were not hungry.

You visited 1 branch of the dungeon, and saw 3 of its levels.

You collected 192 gold pieces.

Inventory:

Hand Weapons
 a - a +0 flail (weapon)
Armour
 b - a +0 robe (worn)
 c - a +0 shield
 n - a +0 large shield (worn)
Scrolls
 e - a scroll of fear {unknown}
 h - 3 scrolls of identify {unknown}
 i - 2 scrolls of remove curse {unknown}
 j - a scroll of random uselessness {unknown}
 k - 2 scrolls of enchant armour {unknown}
 r - a scroll of magic mapping {unknown}
Potions
 d - 2 potions of might
 p - a potion of berserk rage {unknown}
 q - a potion of lignification {unknown}
Comestibles
 f - 2 bread rations
 g - 3 chunks of flesh
 l - a royal jelly
 m - a meat ration
 o - a slice of pizza


   Skills:
 + Level 4.7(3.7) Fighting
 + Level 3.5(2.6) Maces & Flails
 + Level 2.9(2.0) Dodging
 + Level 0.1(0.0) Stealth
 + Level 3.5(2.6) Shields


You had 3 spell levels left.
You didn't know any spells.

Dungeon Overview and Level Annotations

Branches:
Dungeon (3/15)

Altars:
Dithmenos
Qazlal
Uskayaw

Annotations:
D:3 Robin


Innate Abilities, Weirdness & Mutations

You are too large for most types of armour.
You have tough skin. (AC +1)


Message History

You closely miss the ice beast.
The ice beast is heavily wounded.
The ice beast hits you. The ice beast freezes you!
You closely miss the ice beast.
The ice beast is heavily wounded.
The ice beast hits you. The ice beast freezes you!
* * * LOW HITPOINT WARNING * * *
The ice beast barely misses you.
You hit the ice beast.
The ice beast is heavily wounded.
The ice beast closely misses you.
You sock the ice beast!
The ice beast is almost dead.
You block the ice beast's attack.
You hit the ice beast.
The ice beast is almost dead.
You block the ice beast's attack. The ice beast hits you.
* * * LOW HITPOINT WARNING * * *
The ice beast freezes you!
You die...

.........# ##.# ..8....###
#.# .....###.# ##.#
#...##...# #..# ........)#
#.## #...%....# ##.#
##.......##### #########..#
#...........####.......#.##
#......(#.#.#.Y@.........#
#.......#.._..##.......###
#.......###.#.##......)#
#......[# #...##......)#
######### ######.......#
#########


You could see an ice beast.

Vanquished Creatures
  2 adders (D:2)
  A worm (D:2)
  2 dart slugs (D:2)
  3 leopard geckos (D:2)
  2 ball pythons
  4 bats
  3 giant cockroaches
  2 goblins (D:1)
  7 hobgoblins
  A quokka (D:2)
  6 frilled lizards
  4 kobolds
  A rat (D:2)
38 creatures vanquished.

Notes
Turn   | Place    | Note
-------+----------+-------------------------------------------
     0 | D:1      | galech the Ogre Fighter began the quest for the Orb.
     0 | D:1      | Reached XP level 1. HP: 24/24 MP: 1/1
    77 | D:1      | Reached XP level 2. HP: 15/32 MP: 2/2
  1059 | D:2      | Found a hide-covered altar of Uskayaw.
  1060 | D:2      | Noticed a dagger
  1060 | D:2      | Noticed a hand axe
  1115 | D:2      | Reached XP level 3. HP: 31/40 MP: 3/3
  1171 | D:2      | Found a stormy altar of Qazlal.
  1565 | D:2      | Reached XP level 4. HP: 46/49 MP: 4/4
  1639 | D:2      | Found a shadowy altar of Dithmenos.
  1788 | D:3      | Noticed Robin
  1788 | D:3      | Noticed an ice beast
  1803 | D:2      | Slain by an ice beast

Skill      XL: |  1  2 |
---------------+-------+-----
Shields        | 3 |  3.5
Maces & Flails | 3 |  3.5
Fighting       | |  4.7
Dodging        | |  2.9
Stealth        | |  0.1

Action                   |  1- 3 |  4- 6 || total
-------------------------+-------+-------++-------
Melee: Flail             |   114 |    51 ||   165
  Use: Potion            |     2 |       ||     2
  Eat: Chunk             |     2 |     1 ||     3
Armor: Robe              |    38 |    12 ||    50
Dodge: Dodged            |    40 |    14 ||    54
Block: Shield            |    25 |       ||    25
       Large shield      |    60 |    36 ||    96
